 Dungeon Crawl Stone Soup version 0.30-a0-187-gd9c2deaf24 (webtiles) character file.

Game seed: 6694932209808074863

124 SkeletonJelly the Chopper (level 4, 0/40 HPs)
             Began as a Minotaur Fighter on Oct 2, 2022.
             Succumbed to a water moccasin's poison
             ... on level 4 of the Dungeon on Oct 4, 2022.
             The game lasted 00:06:32 (2508 turns).

SkeletonJelly the Chopper (Minotaur Fighter)        Turns: 2508, Time: 00:06:32

Health: 0/40       AC: 12    Str: 23    XL:     4   Next: 81%
Magic:  3/3        EV:  6    Int:  5    God:
Gold:   189        SH:  4    Dex:  9    Spells: 3/3 levels left

rFire   . . .      SeeInvis .    a - +0 war axe
rCold   . . .      Faith    .    c - +0 buckler
rNeg    . . .      Spirit   .    i - +0 plate armour
rPois   .          Reflect  .    (helmet restricted)
rElec   .          Harm     .    (no cloak)
rCorr   .          Rampage  .    (no gloves)
Will    .....                    (no boots)
Stlth   ..........               x - amulet of regeneration
HPRegen 1.06/turn                (no ring)
MPRegen 0.08/turn                (no ring)

@: lethally poisoned (0 -> -1)
A: horns 2, retaliatory headbutt
a: no special abilities


You were on level 4 of the Dungeon.
You visited 1 branch of the dungeon, and saw 4 of its levels.

You collected 189 gold pieces.

Inventory:

Hand Weapons
 a - a +0 war axe (weapon)
Missiles
 s - 10 poisoned darts (quivered)
Armour
 b - a +0 scale mail
 c - a +0 buckler (worn)
 i - a +0 plate armour (worn)
 w - a +0 cloak
Jewellery
 g - a ring of magical power
 o - a ring of ice
 p - a ring of fire
 x - an amulet of regeneration (around neck)
Wands
 u - a wand of quicksilver (8)
Scrolls
 f - 3 scrolls of enchant weapon {unknown}
 h - 5 scrolls of identify {unknown}
 j - 2 scrolls of teleportation {unknown}
 l - a scroll of enchant armour {unknown}
 n - a scroll of fear {unknown}
 q - a scroll of amnesia {unknown}
 r - a scroll of fog {unknown}
Potions
 d - a potion of might
 e - a potion of curing {unknown}
 k - 2 potions of berserk rage {unknown}
 m - 2 potions of flight {unknown}
 t - a potion of mutation {unknown}
 v - a potion of resistance {unknown}
 z - a potion of lignification {unknown}


   Skills:
 - Level 3.8 Fighting
 * Level 5.2 Axes
 + Level 4.5 Armour
 - Level 3.8 Shields


You had 3 spell levels left.
You didn't know any spells.
Your spell library contained the following spells:

 Spells                   Type           Power      Damage    Failure   Level
 Magic Dart               Conj           0%         1d3       100%        1
 Summon Small Mammal      Summ           0%         N/A       100%        1
 Scorch                   Fire           0%         2d5       100%        2
 Searing Ray              Conj           0%         2d4       100%        2
 Call Canine Familiar     Summ           0%         N/A       100%        3
 Portal Projectile        Hex/Tloc       0%         N/A       100%        3
 Summon Guardian Golem    Hex/Summ       0%         N/A       100%        3
 Tukima's Dance           Hex            0%         N/A       100%        3
 Flame Wave               Conj/Fire      0%         2d4       100%        4
 Fulminant Prism          Conj/Hex       0%         3d6       100%        4
 Blade Hands              Tmut           0%         N/A       100%        5
 Summon Cactus Giant      Summ           0%         N/A       100%        6


Dungeon Overview and Level Annotations

Branches:
Dungeon (4/15)
 Temple: D:4-7

Altars:
Dithmenos
Qazlal
Vehumet


Innate Abilities, Weirdness & Mutations

You have a pair of horns on your head.
You reflexively headbutt those who attack you in melee.


Message History

You closely miss the water moccasin. The water moccasin closely misses you.
You furiously retaliate!
You headbutt the water moccasin.
The water moccasin bites you but does no damage.
You miss the water moccasin.
Your headbutt misses the water moccasin.
The water moccasin is lightly wounded.
The water moccasin closely misses you.
The water moccasin bites you but does no damage.
You barely miss the water moccasin.
You headbutt the water moccasin, but do no damage.
The water moccasin is lightly wounded.
The water moccasin barely misses you. The water moccasin bites you.
You are poisoned.
The water moccasin poisons you!
You take 3 damage, and have 37/40 hp.
You barely miss the water moccasin.
Your headbutt misses the water moccasin.
The water moccasin is lightly wounded.
You feel very sick. The water moccasin barely misses you.
You take 4 damage, and have 33/40 hp.
You hit the water moccasin.
The water moccasin is moderately wounded.
You feel very sick. The water moccasin barely misses you.
You furiously retaliate!
You headbutt the water moccasin!
An orc comes into view. It is wielding a +0 dagger.
The water moccasin bites you but does no damage.
You take 1 damage, and have 32/40 hp.
You barely miss the water moccasin.
The orc shouts!
Your headbutt misses the water moccasin.
The water moccasin is heavily wounded.
You feel very sick.
The water moccasin completely misses you.
The water moccasin bites you!
You take 10 damage, and have 22/40 hp.
MASSIVE DAMAGE!!
You barely miss the water moccasin.
The water moccasin is heavily wounded.
You feel sick.
The water moccasin bites you but does no damage. x2
You miss the water moccasin.
The water moccasin is heavily wounded.
You feel sick. You block the water moccasin's attack.
The water moccasin bites you but does no damage.
You miss the water moccasin.
The water moccasin is heavily wounded.
You feel sick.
The water moccasin bites you but does no damage.
You take 1 damage, and have 21/40 hp.
You hit the water moccasin but do no damage.
The water moccasin is heavily wounded.
You feel sick.
The water moccasin bites you but does no damage.
The water moccasin bites you.
You are more poisoned.
The water moccasin poisons you!
You take 2 damage, and have 19/40 hp.
You closely miss the water moccasin.
The water moccasin is heavily wounded.
You feel very sick.
The water moccasin bites you but does no damage.
The water moccasin bites you.
You are more poisoned.
The water moccasin poisons you!
You take 6 damage, and have 13/40 hp.
You closely miss the water moccasin.
Your headbutt misses the water moccasin.
The water moccasin is heavily wounded.
* * * LOW HITPOINT WARNING * * *
You feel very sick.
The water moccasin bites you but does no damage. x2
You take 3 damage, and have 10/40 hp.
You closely miss the water moccasin.
Your headbutt misses the water moccasin.
The water moccasin is heavily wounded.
* * * LOW HITPOINT WARNING * * *
You feel very sick.
The water moccasin bites you but does no damage.
The water moccasin bites you.
* * * LOW HITPOINT WARNING * * *
You take 7 damage, and have 3/40 hp.
You miss the water moccasin.
The water moccasin is heavily wounded.
* * * LOW HITPOINT WARNING * * *
You feel very sick. The water moccasin barely misses you.
You furiously retaliate!
You headbutt the water moccasin.
The water moccasin bites you but does no damage.
You take 2 damage, and have 1/40 hp.
You barely miss the water moccasin.
Your headbutt misses the water moccasin.
The water moccasin is severely wounded.
* * * LOW HITPOINT WARNING * * *
You feel sick.
The water moccasin bites you but does no damage.
You hit the water moccasin.
Your headbutt misses the water moccasin.
The water moccasin is almost dead.
You die...

#####........#
.............#
###..........#
.............#
#....##.### .#.....o..# #
####...####K#.(..# #.
...##.# #S####.#
#.#####.....# #@## ..
.....#.#...# #..#####..
###.###...#######.#..>..#
#....<.......#......###
#.............†.......#
......................#
........[.............#
##.#######.##.........#
##.# ####.##.........# ..


You could see a water moccasin, an orc and a kobold.

Vanquished Creatures
  4 adders
  A dart slug (D:1)
  4 orcs (D:3)
  6 ball pythons
  7 endoplasms
  2 giant cockroaches (D:1)
  4 goblins
  8 hobgoblins
  6 jackals (D:1)
  8 quokkas
  7 bats
  4 frilled lizards
  7 kobolds
  6 rats
74 creatures vanquished.

Notes
Turn   | Place    | Note
-------+----------+-------------------------------------------
     0 | D:1      | SkeletonJelly the Minotaur Fighter began the quest for the
                  | Orb.
     0 | D:1      | Reached XP level 1. HP: 19/19 MP: 0/0
    91 | D:1      | Reached XP level 2. HP: 23/27 MP: 1/1
   151 | D:1      | Reached skill level 3 in Axes
   342 | D:1      | Upgraded the game from 0.30-a0-172-gc5509c9e31 to
                  | 0.30-a0-187-gd9c2deaf24
   411 | D:1      | Reached XP level 3. HP: 33/33 MP: 2/2
   564 | D:1      | Reached skill level 4 in Axes
   977 | D:2      | Reached XP level 4. HP: 40/40 MP: 3/3
  1498 | D:3      | Found a radiant altar of Vehumet.
  1957 | D:3      | Found a faded altar of an unknown god.
  2028 | D:4      | Reached skill level 5 in Axes
  2192 | D:4      | Found a stormy altar of Qazlal.
  2307 | D:4      | Found a shadowy altar of Dithmenos.
  2487 | D:4      | Noticed a water moccasin
  2506 | D:4      | HP: 1/40 [poisoned by a water moccasin]
  2508 | D:4      | Succumbed to a water moccasin's poison

Illustrated notes

Levels and vault maps discovered:
D:1:      nagdon_arrival_zigzag_paths, layout_basic
D:2:      minmay_chambers_of_twos, layout_basic, hangedman_decor_points
D:3:      layout_loops_ring, vehumet_crystals, shapermc_ecumenical_altar_venn,
          dreamdust_princess_bridge
D:4:      layout_rooms, mainiacjoe_overflow_alcove_4, grunt_dithmenos_smoke,
          serial_co_window_serial, co_window_paths_b, co_window_paths_a,
          co_window_paths_b, co_window_corner_a, co_window_corner_a,
          co_window_paths_b, co_window_corner_a, co_window_corner_ca,
          co_window_corner_b, co_window_broadway_a, co_window_broadway_b,
          co_window_sun, co_window_4corner_a

Skill      XL: |  1  2  3  4 |
---------------+-------------+-----
Axes           | 3 4 5 |  5.2
Armour         | 4 |  4.5
Fighting       | |  3.8
Shields        | |  3.8

Action                   |  1- 3 |  4- 6 || total
-------------------------+-------+-------++-------
Melee: War axe           |   102 |    73 ||   175
       Headbutt          |    11 |     8 ||    19
Armor: Scale mail        |    51 |       ||    51
       Plate armour      |    28 |    52 ||    80
Dodge: Dodged            |    39 |    25 ||    64
Block: Buckler           |    36 |    18 ||    54

Table legend: (Time is in decaauts)
 A = Elapsed time spent in this place.
 B = Non-inter-level travel time spent in this place.
 C = Inter-level travel time spent in this place.
 D = Time resting spent in this place.
 E = Time spent auto-exploring this place.
 F = Levels seen in this place.
 G = Mean time per level.
                   A        B        C        D        E       F      G
               +--------+--------+--------+--------+--------+-----+--------+
         Total |   2565 |   2468 |     97 |      5 |   1972 |   4 |  641.2 |
       Dungeon |   2565 |   2468 |     97 |      5 |   1972 |   4 |  641.2 |
               +--------+--------+--------+--------+--------+-----+--------+

Top non-repeatable levels by time:
     D:1: 790 daAuts
     D:2: 685 daAuts
     D:3: 591 daAuts
     D:4: 498 daAuts
